Map: Blackpink LE

Players

Creator - Winner!

  • Race: Protoss Protoss
  • Spawn Location: 7:00

Awers (Hades)

  • Race: Terran Terran
  • Spawn Location: 1:00

Event: IEM Season 12 - Katowice

VOD

Have the link to the VOD?

Description

Time

  • Played on: Feb. 26, 2018, 11:04 a.m.
  • Length: 16:05

All games in this series

Show
View Real Time Build Order
Export as new Build Order

Creator Protoss - Winner!

Build Orders: 1 Gate Expand, Oracle Opening, Archon Immortal 

Get SALT Encoding   

  12  0:00  Probe  
  13  0:13  Pylon  
  13  0:17  Probe  
  14  0:30  Probe (Chrono Boost)  
  15  0:35  Gateway  
  15  0:40  Probe (Chrono Boost)  
  16  0:44  Probe (Chrono Boost)  
  16  0:47  Assimilator  
  17  0:56  Probe  
  18  1:08  Probe  
  19  1:22  Nexus  
  19  1:30  Cybernetics Core  
  19  1:33  Probe (Chrono Boost)  
  20  1:43  Probe (Chrono Boost)  
  20  1:45  Assimilator  
  21  1:51  Probe  
  21  1:52  Pylon  
  22  2:03  Probe  
  22  2:08  Adept (Chrono Boost)  
  23  2:15  Probe  
  26  2:19  Stargate  
  26  2:27  Adept (Chrono Boost)  
  28  2:32  Probe  
  29  2:38  Warp Gate, Probe  
  30  2:44  Probe  
  30  2:49  Adept (Chrono Boost)  
  30  2:50  Probe  
  34  2:57  Probe  
  35  3:04  Oracle (Chrono Boost)  
  35  3:11  Probe x2  
  40  3:17  Stalker  
  40  3:18  Gateway  
  42  3:21  Shield Battery  
  42  3:25  Probe  
  42  3:26  Probe  
  44  3:29  Pylon  
  44  3:46  Probe x2  
  44  3:47  Oracle  
  49  4:01  Probe x2  
  51  4:03  Nexus  
  51  4:06  Pylon  
  51  4:13  Probe x2 (Chrono Boost)  
  50  4:23  Probe x2 (Chrono Boost)  
  52  4:25  Twilight Council  
  52  4:26  Forge  
  52  4:29  Oracle  
  52  4:31  Probe  
  55  4:34  Assimilator  
  55  4:35  Probe  
  55  4:36  Assimilator  
  57  4:45  Shield Battery  
  57  4:46  Stalker x2  
  57  4:52  Probe  
  62  4:54  Pylon  
  62  4:57  Pylon  
  62  5:08  Pylon  
  62  5:12  Probe x2, Blink  
  64  5:16  Protoss Ground Weapons Level 1 (Chrono Boost)  
  64  5:22  Probe  
  64  5:24  Probe x2  
  64  5:26  Phoenix  
  69  5:34  Probe (Chrono Boost)  
  70  5:36  Probe x2 (Chrono Boost)  
  70  5:42  Gateway  
  72  5:44  Gateway  
  72  5:47  Probe x3 (Chrono Boost), Gateway  
  75  5:51  Sentry, Gateway  
  75  5:52  Sentry  
  79  6:00  Probe (Chrono Boost)  
  79  6:02  Probe (Chrono Boost)  
  79  6:03  Probe (Chrono Boost)  
  82  6:09  Pylon  
  82  6:15  Probe (Chrono Boost)  
  82  6:17  Probe x2 (Chrono Boost)  
  85  6:22  Gateway  
  85  6:24  Probe  
  83  6:29  Gateway  
  79  6:36  Stalker x2  
  83  6:41  Robotics Facility  
  83  6:43  Robotics Facility, Forge  
  81  6:47  Nexus  
  81  6:48  Stalker  
  81  6:49  Pylon  
  81  6:50  Pylon, Stalker  
  81  6:51  Sentry  
  87  7:00  Probe x3  
  90  7:03  Photon Cannon  
  90  7:04  Protoss Ground Armor Level 1 (Chrono Boost)  
  90  7:09  Assimilator  
  90  7:10  Assimilator  
  90  7:12  Stalker x2  
  90  7:13  Charge  
  94  7:21  Stalker  
  94  7:22  Stalker x2  
  100  7:27  Probe x2  
  100  7:28  Probe  
  103  7:32  Immortal  
  103  7:34  Immortal  
  111  7:37  Protoss Ground Weapons Level 2 (Chrono Boost)  
  111  7:39  Probe x2  
  111  7:40  Probe  
  114  7:45  Phoenix  
  114  7:51  Pylon  
  114  7:52  Photon Cannon  
  114  7:53  Probe  
  114  7:54  Probe x2  
  114  8:04  Templar Archives  
  114  8:09  Zealot x2  
  114  8:12  Immortal  
  122  8:13  Warp Prism  
  124  8:26  Photon Cannon  
  124  8:29  Sentry  
  124  8:30  Sentry  
  124  8:31  Gateway  
  124  8:32  Gateway  
  124  8:33  Pylon  
  124  8:34  Gateway  
  128  8:36  Gateway  
  128  8:39  Assimilator  
  128  8:41  Assimilator  
  128  8:42  Robotics Facility  
  128  8:46  Probe x4  
  128  8:49  Protoss Ground Armor Level 2 (Chrono Boost)  
  128  8:51  Immortal (Chrono Boost), Observer (Chrono Boost)  
  133  8:58  Probe  
  133  9:00  Pylon  
  133  9:01  Pylon, Photon Cannon  
  134  9:03  Pylon  
  134  9:05  Photon Cannon  
  134  9:10  High Templar x3  
  134  9:12  Pylon  
  140  9:18  Immortal (Chrono Boost)  
  140  9:20  Immortal (Chrono Boost)  
  148  9:27  Archon  
  148  9:28  Zealot, High Templar  
  152  9:31  Photon Cannon  
  152  9:35  Shield Battery  
  152  9:37  Probe x4  
  154  9:42  Dark Shrine  
  154  9:47  Protoss Ground Weapons Level 3 (Chrono Boost)  
  154  9:51  Archon  
  154  9:52  Oracle  
  157  9:54  Immortal  
  157  9:58  Pylon  
  161  10:05  Immortal  
  161  10:06  Immortal  
  169  10:14  Zealot x3  
  169  10:30  Fleet Beacon  
  169  10:32  High Templar x2  
  169  10:33  Zealot  
  175  10:37  Archon  
  175  10:38  Immortal  
  175  10:41  Pylon  
  179  10:44  Phoenix (Chrono Boost), Protoss Ground Armor Level 3 (Chrono Boost)  
  179  10:45  Immortal  
  185  10:58  Nexus  
  185  11:11  Pylon  
  185  11:19  Zealot x4  
  185  11:21  Zealot x3  
  193  11:36  Warp Prism (Chrono Boost)  
  193  11:37  Immortal (Chrono Boost)  
  185  11:47  Stargate  
  185  11:49  Stargate  
  185  11:52  Stargate  
  185  11:53  Photon Cannon  
  185  11:54  Photon Cannon  
  185  11:56  Protoss Shields Level 1, Photon Cannon  
  185  11:59  Photon Cannon  
  185  12:01  High Templar x4  
  183  12:06  Archon x2  
  183  12:07  Immortal (Chrono Boost)  
  189  12:09  Immortal (Chrono Boost)  
  197  12:27  Dark Templar  
  199  12:30  Shadow Stride  
  191  12:53  Immortal x2  
  199  13:03  Dark Templar x2  
  197  13:15  Dark Templar x2  
  193  13:22  Dark Templar  
  195  13:32  Void Ray (Chrono Boost)  
  175  13:41  Carrier (Chrono Boost)  
  175  13:43  Carrier (Chrono Boost)  
  175  13:55  Pylon  
  179  13:56  Pylon x2  
  156  14:03  Dark Templar  
  156  14:04  Dark Templar  
  156  14:05  Dark Templar x5  
  167  14:15  Dark Templar  
  169  14:24  Zealot  
  169  14:41  Archon  
  169  14:44  Void Ray (Chrono Boost)  
  152  15:24  Assimilator  
  152  15:25  Assimilator  
  152  15:29  Pylon x2  
  152  15:31  Nexus  
  152  15:32  Pylon  
  152  15:34  Pylon  
  150  15:36  Pylon  
Show
View Real Time Build Order
Export as new Build Order

Awers Terran 

Build Orders: Cyclone Opening, Gas First Reaper Expand, Reaper Expand, Mech 

Get SALT Encoding   

  12  0:01  SCV  
  13  0:13  SCV  
  14  0:17  Supply Depot  
  14  0:25  SCV  
  15  0:28  Refinery  
  15  0:39  SCV  
  16  0:44  Barracks  
  16  0:51  SCV  
  17  1:03  SCV  
  18  1:17  SCV  
  19  1:31  Reaper, Orbital Command  
  20  1:49  Command Center  
  20  1:55  Factory  
  20  1:58  SCV  
  21  2:06  Barracks Reactor, Refinery  
  21  2:11  SCV  
  22  2:16  Supply Depot  
  22  2:23  SCV  
  23  2:36  SCV  
  23  2:45  Cyclone  
  23  2:49  SCV  
  27  2:55  Cyclone  
  30  3:01  Orbital Command  
  30  3:03  SCV  
  30  3:16  SCV  
  30  3:17  Cyclone  
  34  3:26  SCV  
  35  3:27  Widow Mine  
  35  3:28  SCV  
  38  3:36  Command Center  
  38  3:38  SCV  
  39  3:42  SCV  
  39  3:46  Supply Depot  
  40  3:50  SCV  
  40  3:54  SCV  
  42  3:56  Cyclone  
  45  4:03  SCV  
  45  4:07  Cyclone  
  45  4:09  SCV  
  50  4:14  Supply Depot  
  50  4:15  SCV  
  51  4:19  Barracks Tech Lab  
  51  4:21  SCV, Factory  
  52  4:25  Refinery  
  52  4:26  Refinery  
  52  4:28  SCV  
  53  4:33  SCV  
  54  4:40  SCV, Factory  
  54  4:43  Widow Mine  
  57  4:46  SCV  
  57  4:50  Orbital Command  
  60  4:54  SCV  
  60  4:58  Armory  
  59  5:01  SCV  
  59  5:06  SCV  
  61  5:10  Hellion x2  
  61  5:13  SCV  
  66  5:14  Siege Tank  
  66  5:16  SCV  
  66  5:19  SCV  
  71  5:24  Factory Tech Lab  
  71  5:26  Factory  
  71  5:27  Barracks Reactor  
  72  5:28  SCV  
  72  5:31  SCV  
  72  5:33  Hellion  
  75  5:38  Orbital Command  
  75  5:41  SCV  
  75  5:42  Supply Depot  
  76  5:44  SCV  
  76  5:47  Supply Depot  
  76  5:48  Terran Vehicle Weapons Level 1  
  76  5:49  Engineering Bay  
  77  5:58  SCV  
  77  6:00  SCV  
  77  6:04  SCV  
  78  6:10  Supply Depot  
  78  6:11  SCV  
  79  6:14  SCV  
  79  6:16  SCV, Thor  
  87  6:19  Missile Turret  
  87  6:23  SCV  
  88  6:26  SCV  
  88  6:28  SCV  
  88  6:31  Cyclone x2, Hellion  
  88  6:32  Hellion  
  95  6:35  SCV  
  95  6:38  SCV  
  93  6:40  SCV  
  94  6:47  SCV, Starport  
  94  6:50  SCV  
  94  6:52  SCV  
  94  6:54  Hellion x2  
  101  6:55  Barracks Reactor  
  101  7:00  Supply Depot  
  101  7:03  Factory  
  101  7:04  SCV  
  101  7:05  Hellion  
  101  7:06  Hellion  
  106  7:10  Siege Tank  
  109  7:16  Refinery  
  109  7:21  Siege Tank  
  109  7:22  Supply Depot  
  110  7:23  Supply Depot  
  108  7:33  Armory  
  108  7:34  Infernal Pre-Igniter  
  108  7:35  SCV x2  
  110  7:37  Hellion  
  110  7:38  Hellion x2, SCV  
  110  7:42  Refinery  
  110  7:43  Siege Tank  
  120  7:47  Supply Depot  
  120  7:48  Supply Depot  
  120  7:50  Factory Tech Lab  
  120  7:51  Terran Vehicle Weapons Level 2  
  120  8:05  Hellion x2, SCV  
  123  8:07  Sensor Tower  
  123  8:11  Viking x2, Command Center  
  127  8:17  Hellion, Siege Tank  
  132  8:22  Terran Vehicle And Ship Armor Level 1  
  132  8:26  Missile Turret  
  132  8:29  Siege Tank  
  132  8:32  Supply Depot  
  135  8:34  Supply Depot  
  135  8:36  Missile Turret  
  135  8:39  Siege Tank  
  135  8:40  Hellion  
  140  8:48  Cyclone  
  140  8:49  Cyclone  
  142  8:57  Siege Tank  
  142  8:58  Hellion  
  142  9:01  Hellion  
  149  9:08  Hellion  
  151  9:11  Siege Tank, Liberator  
  154  9:20  Hellion  
  154  9:21  Hellion x2  
  154  9:22  Hellion  
  162  9:27  Liberator  
  162  9:29  Hellion, Siege Tank  
  162  9:41  Hellion  
  162  9:42  Missile Turret  
  162  9:43  Missile Turret, Siege Tank  
  162  9:44  Hellion x2  
  174  9:55  Hellion x2  
  178  10:04  Supply Depot x2  
  178  10:11  Hellion  
  178  10:22  Siege Tank  
  178  10:23  Siege Tank  
  178  10:26  Hellion x3, Siege Tank  
  189  10:33  Missile Turret  
  189  10:37  Planetary Fortress  
  189  10:45  Starport x2  
  189  10:46  Command Center  
  189  10:55  Hellion, Siege Tank  
  189  10:56  Hellion  
  196  10:58  Refinery x2  
  196  11:01  Siege Tank  
  196  11:04  Hellion x2  
  200  11:24  Hellion x2  
  200  11:27  Starport Tech Lab  
  197  11:35  Hellion  
  197  11:38  Hellion x2, Siege Tank  
  200  11:44  Sensor Tower  
  200  11:49  Armory  
  200  11:50  Raven  
  200  11:51  Armory  
  200  11:52  Fusion Core  
  198  12:08  Viking  
  200  12:09  Orbital Command  
  200  12:13  Starport Tech Lab  
  198  12:41  Liberator x2  
  196  12:48  Siege Tank  
  199  12:53  Command Center  
  199  12:56  Starport  
  199  12:58  Starport, Raven  
  191  13:02  Hellion  
  191  13:03  Hellion x2  
  190  13:18  Widow Mine x3  
  87  14:42  Orbital Command  
  87  15:03  Orbital Command  

Tags
 
Add a new tag
Caveats
  • Supply blocks, unpowered buildings, or Contaminate may cause inaccurate times.
  • Supply counts are checked every 10 seconds.